AoeStats
← Fizzle twist

Arabian Desert

510035338Analyzed
1v1 RM · 3d ago on Sep 29, 2026· 23m 13s· 2 players
Game mode
Random Map
Map size
Tiny (2 player)
Population
200
Speed
Normal
Resources
Standard
Victory
Conquest
Starting age
Dark Age
Ending age
Imperial Age
RankedLock teamsTeams togetherTeam positionsShared explorationLock speedFull tech treeHidden civsTurbo modeCheats
Victory
Defeat
🇬🇧 Persians · United Kingdom
830
+16
🇨🇳 Vietnamese · China
825
-38
fghj50522jj
6:52 Loom
15:15 Feudal Age
15:20 Man-at-Arms
17:32 Arson
18:15 Forging
18:08 Scale Mail Armor
19:26 Double-Bit Axe
20:52 Fletching
Fizzle twist
3:10 Loom
11:32 Feudal Age
12:21 Town Watch
13:13 Wheelbarrow
12:26 Horse Collar
20:35 Castle Age
18:43 Fletching
19:23 Scale Barding Armor
20:08 Forging
20:08 Stone Mining
22:51 Chain Barding Armor
Connection lost

Rejoining the realm…

Still unreachable

The connection could not be restored.

Session expired

The server has moved on; the page needs a fresh start.